 Dungeon Crawl Stone Soup version 0.29-a0-972-g43c84944fd (webtiles) character file.

Game seed: 15623588043034177855

65 Gargoyl the Trooper (level 4, -1/43 HPs)
             Began as a Gargoyle Berserker on July 31, 2022.
             Was a Follower of Trog.
             Splashed by a jelly's acid (10 damage)
             ... on level 3 of the Dungeon.
             The game lasted 00:03:12 (1642 turns).

Gargoyl the Trooper (Gargoyle Berserker)            Turns: 1642, Time: 00:03:13

Health: -1/43      AC: -2    Str: 20    XL:     4   Next: 14%
Magic:  13/13      EV:  6    Int:  8    God:    Trog [*.....]
Gold:   36         SH:  0    Dex: 15    Spells: 3/3 levels left

rFire   . . .      SeeInvis .   p - +2 dagger (venom)
rCold   . . .      Faith    .   (no shield)
rNeg    + . .      Spirit   .   d - +0 plate armour
rPois   ∞          Reflect  .   (no helmet)
rElec   +          Harm     .   (no cloak)
rCorr   .          Rampage  .   (no gloves)
Will    .....      Rnd*Tele +   m - +0 pair of boots
Stlth   ..........              j - amulet of Fuun {Acrobat MP+9 Dex+4}
HPRegen 0.14/turn               h - ring of flight
MPRegen 0.13/turn               (no ring)

@: berserking, corroded, flying, very slightly contaminated, very quick
A: sickness immunity, AC +3, negative energy resistance 1, electricity
resistance, torment resistance 1, petrification resistance, iridescent scales 1,
teleportitis 1
a: Renounce Religion, Berserk


You were on level 3 of the Dungeon.
You worshipped Trog.
Trog was aware of your devotion.
You visited 1 branch of the dungeon, and saw 3 of its levels.

You collected 36 gold pieces.

Inventory:

Hand Weapons
 a - a +0 hand axe
 p - a +2 dagger of venom (weapon)
Missiles
 c - 2 javelins
 g - 4 poisoned darts (quivered)
Armour
 d - a +0 plate armour (worn)
 m - a +0 pair of boots (worn)
Jewellery
 h - a ring of flight (left hand)
 j - the amulet of Fuun (around neck) {Acrobat MP+9 Dex+4}
   (You acquired it on level 3 of the Dungeon)

   [amulet of the acrobat]

   It increases your evasion while moving and waiting.
   Dex:       It affects your dexterity (+4).
   MP:        It affects your magic capacity (+9).
Scrolls
 f - a scroll of teleportation
 k - 2 scrolls of blinking
 o - a scroll of enchant weapon {unknown}
 r - a scroll of magic mapping
Potions
 b - 3 potions of curing
 i - a potion of invisibility {unknown}
 l - a potion of magic {unknown}
 n - 3 potions of mutation {unknown}
 q - a potion of might {unknown}


   Skills:
 + Level 4.3 Fighting
 + Level 3.2(3.3) Axes
 + Level 0.9(2.4) Maces & Flails
 + Level 2.5 Armour
 + Level 1.7 Dodging


You had 3 spell levels left.
You didn't know any spells.
Your spell library was empty.

Dungeon Overview and Level Annotations

Branches:
Dungeon (3/15)

Altars:


Innate Abilities, Weirdness & Mutations

You are immune to sickness and miasma.
Your stone body is resilient. (AC +3)
You are immune to poison.
You resist negative energy. (rN+)
You are resistant to electric shocks. (rElec)
You are resistant to unholy torment.
You are immune to petrification.
You are partially covered in iridescent scales. (AC +2)
You are occasionally teleported next to monsters.


Message History

The hobgoblin shouts!
You hear an angry hiss. x2
Found a short sword.
The adder hisses angrily.
The frilled lizard hisses angrily.
The ball python hisses angrily.
Found 2 stones.
The jelly quivers.
Found a trident.
Found 7 gold pieces.
You hear a slurping noise.
The jelly eats the door!
The jelly closely misses you.
There are monsters nearby!
You hit the jelly.
The jelly is poisoned.
Your hands burn!
The jelly is lightly wounded.
The jelly hits you but does no damage.
You hit the jelly. The acid corrodes you!
Your hands burn!
The jelly is moderately wounded.
The jelly hits you but does no damage.
Okay, then.
A red film seems to cover your vision as you go berserk!
You feel yourself moving faster!
You feel mighty! The jelly hits you but does no damage.
You hit the jelly. The acid corrodes you!
Your hands burn!
The jelly is heavily wounded.
The quokka twitches its whiskers.
The jelly hits you. The acid corrodes you!
You are splashed with acid!
You hit the jelly but do no damage.
Your hands burn!
The jelly is heavily wounded.
You hit the jelly but do no damage.
The jelly looks as sick as possible!
The acid corrodes you!
Your hands burn!
The jelly is heavily wounded.
The jelly jiggles.
The jelly hits you. The acid corrodes you!
You are splashed with acid!
* * * LOW HITPOINT WARNING * * *
You barely miss the jelly.
The jelly is severely wounded.
The jelly hits you.
* * * LOW HITPOINT WARNING * * *
The acid corrodes you!
You are splashed with acid!
You die...

.# #.....##lS##.# ##. #
..#.##..#gSS.#.# ##.. ##.
#.#.....#Swrl#..###...
#...#^#..#####Sr##..##....
.$......##[###+##(...+....
#...#...#K.!'.###+#..#....
## #.#.##S###'...## ##...
#.#..#J#.#..).. ##.. #
##.@...#.$.. ##.
#####.#... ## .##.. ###


You could see a worm, a jelly (extremely poisoned), an adder, 2 quokkas, a
hobgoblin, 4 ball pythons, a kobold and a frilled lizard.

Vanquished Creatures
  3 adders (D:2)
  A worm (D:2)
  2 dart slugs (D:2)
  3 endoplasms
  4 giant cockroaches
  A goblin (D:2)
  3 hobgoblins
  3 kobolds
  A quokka (D:2)
  2 ball pythons
  A bat (D:3)
  A frilled lizard (D:3)
  3 rats
28 creatures vanquished.

Notes
Turn   | Place    | Note
-------+----------+-------------------------------------------
     0 | D:1      | Gargoyl the Gargoyle Berserker began the quest for the Orb.
     0 | D:1      | Reached XP level 1. HP: 14/14 MP: 1/1
   148 | D:1      | Found a faded altar of an unknown god.
   340 | D:1      | Reached XP level 2. HP: 15/19 MP: 2/2
   693 | D:2      | Reached XP level 3. HP: 23/24 MP: 3/3
  1018 | D:2      | Reached skill level 4 in Fighting
  1415 | D:2      | Reached XP level 4. HP: 29/29 MP: 4/4
  1457 | D:3      | Identified a scroll of acquirement
  1457 | D:3      | Acquired the amulet of Fuun {Acrobat MP+9 Dex+4}
  1577 | D:3      | Gained mutation: You are partially covered in iridescent
                  | scales. (AC +2) [mutagenic glow]
  1613 | D:3      | Gained mutation: You are occasionally teleported next to
                  | monsters. [mutagenic glow]
  1642 | D:3      | Splashed by a jelly's acid

Illustrated notes

Levels and vault maps discovered:
D:1:      onia_arrival_pyramid, layout_rooms, basic_ecumenical_altar,
          chequers_garden
D:2:      layout_loops_ring
D:3:      layout_loops_corners, serial_shops, shop, minmay_joined_circles

Skill      XL: |  1  2  3 |
---------------+----------+-----
Axes           | 3 |  3.2
Fighting       | 4 |  4.3
Maces & Flails | |  0.9
Armour         | |  2.5
Dodging        | |  1.7

Action                   |  1- 3 |  4- 6 || total
-------------------------+-------+-------++-------
Melee: Whip              |    72 |     4 ||    76
       Hand axe          |     4 |       ||     4
       Dagger            |       |     6 ||     6
Invok: Berserk           |       |     1 ||     1
  Use: Scroll            |     4 |     4 ||     8
Armor: Plate armour      |    49 |     3 ||    52
Dodge: Dodged            |    24 |     5 ||    29

Table legend: (Time is in decaauts)
 A = Elapsed time spent in this place.
 B = Non-inter-level travel time spent in this place.
 C = Inter-level travel time spent in this place.
 D = Time resting spent in this place.
 E = Time spent auto-exploring this place.
 F = Levels seen in this place.
 G = Mean time per level.
                   A        B        C        D        E       F      G
               +--------+--------+--------+--------+--------+-----+--------+
         Total |   1639 |   1592 |     47 |      0 |   1199 |   3 |  546.3 |
       Dungeon |   1639 |   1592 |     47 |      0 |   1199 |   3 |  546.3 |
               +--------+--------+--------+--------+--------+-----+--------+

Top non-repeatable levels by time:
     D:2: 848 daAuts
     D:1: 606 daAuts
     D:3: 184 daAuts
